 Dungeon Crawl Stone Soup version 0.26.1-11-gd32895ea62 (webtiles) character file.

Game seed: 7394851285775360090

71845 Sopht the Basher (level 15, 0/93 HPs)
             Began as a Tengu Berserker on July 26, 2021.
             Was a Priest of Trog.
             Slain by a catoblepas (2 damage)
             ... while petrified by a catoblepas
             ... on level 6 of the Lair of Beasts on July 29, 2021.
             The game lasted 02:42:02 (24897 turns).

Sopht the Basher (Tengu Berserker)                 Turns: 24897, Time: 02:42:03

Health: 0/93       AC: 23    Str: 35    XL:     15   Next: 38%
Magic:  16/16      EV:  2    Int:  2    God:    Trog [***...]
Gold:   614        SH:  0    Dex: 20    Spells: 14/14 levels left

rFire    + . .     SeeInvis +   R - +6 spear "Dyiwy" {vorpal, rPois Str+3 Int-5 SInv}
rCold    . . .     Faith    .   x - +0 buckler {rF+}
rNeg     + + +     Spirit   .   y - +8 chain mail of Foolhardiness {rElec rPois}
rPois    ∞         Reflect  +   o - +2 hood of the Assassin {Detection Stab+ Stlth++}
rElec    +         Harm     .   v - +0 cloak
rCorr    .         Rampage  .   G - +1 pair of gloves {Dex+3}
Will     ++++.                  (boots unavailable)
Stlth    +++.......             g - amulet of reflection
HPRegen  0.25/turn              c - ring "Ygolusch" {rF- Will+++ Str+5 Dex+4 Stlth+}
MPRegen  0.15/turn              m - ring of protection from fire

@: petrified, flying quickly and evasively, quick
A: beak, talons 3, deformed body, dopey 1, strong 2, able to fly
a: Renounce Religion, Berserk, Trog's Hand


You were on level 6 of the Lair of Beasts.
You worshipped Trog.
Trog was most pleased with you.
You visited 3 branches of the dungeon, and saw 22 of its levels.
You also visited: Volcano.

You collected 1339 gold pieces.
You spent 725 gold pieces at shops.

Inventory:

Hand Weapons
 h - a +4 mace of protection
 C - a +5 mace of freezing
 D - a +4 scimitar of flaming
 Q - a cursed +3 scimitar of freezing
 R - the +6 spear "Dyiwy" (weapon) {vorpal, rPois Str+3 Int-5 SInv}
   (You took it off a spriggan rider on level 14 of the Dungeon)

   It inflicts extra damage upon your enemies.
   It affects your strength (+3).
   It affects your intelligence (-5).
   It protects you from poison.
   It lets you see invisible.
Missiles
 u - 10 atropa-tipped darts
 z - 5 curare-tipped darts
Armour
 o - the +2 hood of the Assassin (worn) {Detection Stab+ Stlth++}
   (You found it on level 5 of the Lair of Beasts)

   It makes you much more stealthy.
 v - a +0 cloak (worn)
 x - a +0 buckler of fire resistance (worn)
 y - the +8 chain mail of Foolhardiness (worn) {rElec rPois}
   (You took it off an orc warrior on level 12 of the Dungeon)

   It insulates you from electricity.
   It protects you from poison.
 F - a +3 chain mail of willpower
 G - a +1 pair of gloves of dexterity (worn)
Jewellery
 c - the ring "Ygolusch" (left hand) {rF- Will+++ Str+5 Dex+4 Stlth+}
   (You acquired it on level 12 of the Dungeon)

   [ring of stealth]

   It affects your strength (+5).
   It affects your dexterity (+4).
   It makes you vulnerable to fire.
   It affects your willpower, your defense against some magical effects.
   It makes you more stealthy.
 g - an amulet of reflection (around neck)
 m - a ring of protection from fire (right hand)
 s - an uncursed ring of willpower
 I - an uncursed ring of willpower
 J - an uncursed ring of protection from fire
Wands
 r - a wand of enslavement (5) (quivered)
 w - a wand of random effects (43)
 A - a wand of paralysis (10)
 L - a wand of disintegration (19)
 O - a wand of polymorph (9)
Scrolls
 b - a scroll of identify
 e - 3 scrolls of random uselessness
 f - 12 scrolls of teleportation
 i - 11 scrolls of remove curse
 j - 3 scrolls of immolation
 k - 5 scrolls of amnesia
 t - 2 scrolls of magic mapping
 B - 3 scrolls of fear
 E - a scroll of fog
Potions
 d - 3 potions of magic
 l - 3 potions of curing
 q - 3 potions of berserk rage
 M - 2 potions of brilliance
 T - 3 potions of lignification
Miscellaneous
 n - a phantom mirror (inert)
 N - a phial of floods
 S - a condenser vane


   Skills:
 + Level 10.9 Fighting
 + Level 6.8 Long Blades
 + Level 14.5 Maces & Flails
 + Level 13.2 Armour
 + Level 7.7 Dodging
 + Level 5.2 Stealth
 + Level 13.0 Shields
 + Level 3.6 Evocations


You had 14 spell levels left.
You didn't know any spells.
Your spell library was empty.

Dungeon Overview and Level Annotations

Branches:
Dungeon (15/15) Temple (0/1) D:6 Lair (6/6) D:11 Shoals (0/4) Lair:4 Spider (1/4) Lair:3 Slime (0/5) Lair:5 Orc (0/2) D:11 Vaults (0/5) D:12 D:13 Depths (0/5) D:15 Volcano (visited)

Altars:
Ashenzari
Cheibriados
Elyvilon
Gozag
Makhleb
Nemelex Xobeh
Okawaru
Uskayaw
The Shining One
Beogh

Shops:
D:4 ?   D:6 [   D:15 :

Annotations:
D:15 2 transporters, JackMcBride's ghost, journeyman MiFi


Innate Abilities, Weirdness & Mutations

You have a beak for a mouth.
You have claws for feet.
You can fly continuously.
Armour fits poorly on your strangely shaped body.
You are dopey. (Int -2)
Your muscles are very strong. (Str +4)


Message History

The komodo dragon completely misses you.
The catoblepas gores you! The komodo dragon bites you!!
* * * LOW HITPOINT WARNING * * *
You are engulfed in calcifying dust.
The komodo dragon hisses menacingly.
The komodo dragon bites you but does no damage.
The catoblepas breathes a plume of calcifying dust at you.
The blast of calcifying dust hits you but does no damage.
The komodo dragon bites you!
* * * LOW HITPOINT WARNING * * *
You are engulfed in calcifying dust.
The wyvern is no longer petrified.
The komodo dragon bites you but does no damage.
The catoblepas gores you but does no damage.
The komodo dragon bites you!
* * * LOW HITPOINT WARNING * * *
Your skin stops crawling.
You feel less strong-willed. The komodo dragon bites you!
* * * LOW HITPOINT WARNING * * *
The catoblepas gores you.
You die...

..............#.
......................
.....................
....................
#P...PP......÷<.....
##....PP...P..÷#....P
#.#.....#..P..#.....# #+
###.l.....#...........
.l+..#...Y@§###...........#
........†.ll.###............
.###...#.#....#......#.....#
##...#.....#.....#......#
#...###...#.#....###....
#..#............##......
............§............
#######.......#...##.... .
####P.##.#### #..


You could see a catoblepas, 2 komodo dragons and a wyvern.

Vanquished Creatures
  Jorgrun (D:12)
  Kirke (Lair:4)
  A fire giant (D:14)
  A very ugly thing (D:14)
  The ghost of JackMcBride the Cleaver, a journeyman MiFi of Nemelex Xobeh (D:14)
  Harold (D:8)
  5 hydras
  2 boulder beetles
  2 centaur warriors
  Erica (D:11)
  3 two-headed ogres
  A death yak (D:9)
  2 tengu warriors (D:14)
  Urug (D:13)
  A fire crab (Lair:5)
  A shadow wraith (D:14)
  4 unseen horrors
  3 lindwurms
  A wizard (D:14)
  Pikel (D:7)
  A wolf spider (Spider:1)
  3 cyclopes
  4 manticores
  A deep elf mage (D:14)
  An ugly thing (D:12)
  7 elephants
  5 black mambas
  6 centaur skeletons
  2 torpor snails
  13 cane toads
  A gargoyle (D:14)
  2 rime drakes
  8 komodo dragons
  An efreet (D:15)
  A freezing wraith (D:14)
  A yaktaur (D:14)
  7 polar bears
  4 trolls
  A wind drake (Lair:4)
  A raiju (shapeshifter) (D:14)
  4 hornets
  8 slime creatures
  14 blink frogs
  A water elemental (D:13)
  26 yaks
  A vampire (D:15)
  5 wyverns
  3 spriggans
  6 basilisks
  A hog (Lair:4)
  18 humans
  4 fire bats (Lair:5)
  A steam dragon (Lair:5)
  A vampire mosquito (D:14)
  A soldier ant (D:14)
  Duvessa (D:7)
  10 water moccasins
  2 black bears
  7 ice beasts
  13 orc warriors
  A phantom (D:5)
  An eye of draining (D:9)
  5 sky beasts
  A boggart (D:14)
  12 centaurs
  6 ogres
  12 wolves
  4 necrophages
  19 bullfrogs
  2 big kobolds
  A gnoll sergeant (D:5)
  Dowan (D:7)
  9 scorpions
  9 killer bees
  18 wights
  9 electric eels
  A howler monkey (D:4)
  3 bullfrog zombies
  2 centaur zombies
  5 hounds
  A quasit (D:6)
  A bullfrog skeleton (D:7)
  7 orc priests
  6 jellies
  4 iguanas
  19 orc wizards
  Ijyb (D:3)
  10 worker ants
  A centaur simulacrum (D:9)
  2 hound zombies
  2 hound skeletons
  A howler monkey zombie (D:11)
  3 worker ant zombies
  11 gnolls
  A howler monkey skeleton (D:10)
  12 adders
  A hound simulacrum (D:9)
  A shadow imp (D:10)
  7 white imps
  3 ufetubi
  3 worms (D:2)
  A dart slug (D:1)
  3 leopard geckos
  56 orcs
  6 giant cockroaches
  20 goblins
  12 hobgoblins
  17 jackals
  4 quokkas
  4 ball pythons
  7 bats
  3 frilled lizards (D:1)
  A jackal zombie (D:8)
  12 kobolds
  2 leopard gecko skeletons
  A leopard gecko zombie (D:6)
  A quokka zombie (D:5)
  8 rats
607 creatures vanquished.

Vanquished Creatures (collateral kills)
  A fire giant (D:15)
  A centaur zombie (D:14)
2 creatures vanquished.

Vanquished Creatures (others)
  A black mamba (Lair:6)
  A spriggan (D:14)
  3 humans (Lair:4)
  A wolf (Lair:4)
  An ufetubus (D:9)
  An orc (D:9)
  A quokka (D:11)
  30 fungi
  83 plants
122 creatures vanquished.

Grand Total: 731 creatures vanquished

Notes
Turn   | Place    | Note
-------+----------+-------------------------------------------
     0 | D:1      | Sopht the Tengu Berserker began the quest for the Orb.
     0 | D:1      | Reached XP level 1. HP: 14/14 MP: 2/2
    96 | D:1      | You fall into a shaft and drop 1 floor!
   104 | D:1      | Reached XP level 2. HP: 10/19 MP: 3/3
   109 | D:1      | Reached XP level 3. HP: 12/23 MP: 4/4
   112 | D:1      | Gained mutation: You are dopey. (Int -2) [potion of
                  | mutation]
   112 | D:1      | Gained mutation: Your body sometimes deteriorates upon
                  | taking damage. [potion of mutation]
   112 | D:1      | Gained mutation: You are surrounded by a mild repulsion
                  | field. (EV +2) [potion of mutation]
   383 | D:1      | You fall into a shaft and drop 1 floor!
   606 | D:1      | Reached ** piety under Trog
   791 | D:1      | Reached XP level 4. HP: 29/29 MP: 5/5
  1376 | D:2      | Gained mutation: You can fly continuously. [Tengu growth]
  1376 | D:2      | Reached XP level 5. HP: 29/33 MP: 6/6
  1854 | D:3      | Noticed Ijyb
  1884 | D:3      | Killed Ijyb
  1885 | D:3      | Reached skill level 5 in Long Blades
  2189 | D:3      | Found a sparkling altar of Nemelex Xobeh.
  2317 | D:3      | Found a broken altar of Ashenzari.
  2572 | D:3      | Reached *** piety under Trog
  2575 | D:3      | Found an opulent altar of Gozag.
  2849 | D:4      | Reached XP level 6. HP: 30/38 MP: 7/7
  3088 | D:4      | Found Leinej's Magic Scroll Shop.
  3101 | D:4      | Bought a scroll of enchant weapon for 90 gold pieces
  3101 | D:4      | Bought a scroll of identify for 24 gold pieces
  3101 | D:4      | Bought a scroll of magic mapping for 42 gold pieces
  3295 | D:4      | Found a snail-covered altar of Cheibriados.
  3475 | D:5      | Entered Level 5 of the Dungeon
  3586 | D:5      | Noticed a sky beast
  3594 | D:5      | Killed a sky beast
  3595 | D:5      | Reached XP level 7. HP: 44/44 MP: 8/8
  3628 | D:5      | Reached skill level 1 in Maces & Flails
  4089 | D:5      | Reached skill level 2 in Maces & Flails
  4157 | D:5      | Reached skill level 5 in Fighting
  4157 | D:5      | Reached skill level 3 in Maces & Flails
  4157 | D:5      | Reached skill level 1 in Shields
  4157 | D:5      | Reached XP level 8. HP: 26/49 MP: 9/9
  4204 | D:5      | Reached skill level 4 in Maces & Flails
  4351 | D:5      | Reached skill level 5 in Maces & Flails
  4557 | D:6      | Reached skill level 5 in Armour
  4915 | D:6      | Found Ompammu's Armour Emporium.
  4921 | D:6      | Bought a +0 buckler of fire resistance for 172 gold pieces
  5209 | D:6      | Found a staircase to the Ecumenical Temple.
  5326 | D:7      | Noticed Dowan
  5346 | D:7      | Noticed Duvessa
  5368 | D:7      | Killed Duvessa
  5369 | D:7      | Reached skill level 6 in Maces & Flails
  5369 | D:7      | Reached XP level 9. HP: 54/54 MP: 10/10
  5376 | D:7      | Killed Dowan
  5434 | D:7      | Reached skill level 1 in Stealth
  5502 | D:7      | Got a transparent spear
  5519 | D:7      | Identified the +6 spear of Daerat {flame, rPois Int+3
                  | Dex-4} (You found it on level 7 of the Dungeon)
  5564 | D:7      | Noticed Pikel
  5572 | D:7      | Killed Pikel
  5573 | D:7      | Reached skill level 7 in Maces & Flails
  5623 | D:7      | Found an iron altar of Okawaru.
  5644 | D:7      | Reached **** piety under Trog
  5810 | D:7      | You are sucked into a shaft and drop 1 floor!
  6173 | D:7      | Reached skill level 1 in Evocations
  6496 | D:8      | Reached XP level 10. HP: 60/60 MP: 11/11
  6772 | D:8      | Noticed a two-headed ogre
  6782 | D:8      | Killed a two-headed ogre
  6783 | D:8      | Reached skill level 8 in Maces & Flails
  6783 | D:8      | Reached skill level 5 in Shields
  6805 | D:8      | Found a burning altar of Makhleb.
  6819 | D:8      | Noticed Harold
  6836 | D:8      | Killed Harold
  7240 | D:9      | Found a white marble altar of Elyvilon.
  7258 | D:9      | Reached skill level 9 in Maces & Flails
  7362 | D:9      | Found a glowing golden altar of the Shining One.
  7728 | D:9      | Noticed a death yak
  7747 | D:9      | Killed a death yak
  7748 | D:9      | Reached skill level 5 in Dodging
  7748 | D:9      | Reached XP level 11. HP: 66/66 MP: 12/12
  8210 | D:9      | Reached skill level 10 in Maces & Flails
  8365 | D:9      | Found a hide-covered altar of Uskayaw.
  9153 | D:10     | Entered Level 10 of the Dungeon
  9537 | D:10     | Got a shimmering rapier
  9538 | D:10     | Identified the +2 rapier "Pakif" {drain, *Noise *Slow rElec
                  | rN+++} (You found it on level 10 of the Dungeon)
 10831 | D:11     | Killed an unseen horror
 10835 | D:11     | Noticed Erica
 11274 | D:11     | Reached skill level 11 in Maces & Flails
 11410 | D:11     | Found a roughly hewn altar of Beogh.
 11410 | D:11     | Found a staircase to the Orcish Mines.
 11420 | D:11     | Killed Erica
 11421 | D:11     | Reached XP level 12. HP: 72/72 MP: 13/13
 11837 | D:11     | Found a staircase to the Lair.
 12076 | Lair:1   | Entered Level 1 of the Lair of Beasts
 12288 | D:6      | Bought a +3 chain mail of willpower for 397 gold pieces
 12652 | Lair:1   | Noticed a seven-headed hydra
 12663 | Lair:1   | Killed a seven-headed hydra
 13201 | Lair:1   | Lost mutation: Your body sometimes deteriorates upon taking
                  | damage. [potion of mutation]
 13201 | Lair:1   | Lost mutation: You are surrounded by a mild repulsion
                  | field. (EV +2) [potion of mutation]
 13201 | Lair:1   | Gained mutation: Your muscles are strong. (Str +2) [potion
                  | of mutation]
 13201 | Lair:1   | Gained mutation: Armour fits poorly on your strangely
                  | shaped body. [potion of mutation]
 13201 | Lair:1   | Gained mutation: Your muscles are very strong. (Str +4)
                  | [potion of mutation]
 14273 | Lair:2   | Identified a scroll of acquirement
 14274 | Lair:2   | Acquired a +0 pair of gloves of dexterity
 14551 | Lair:2   | Reached skill level 10 in Armour
 15036 | Lair:3   | Found a hole to the Spider Nest.
 15137 | Lair:3   | Reached skill level 12 in Maces & Flails
 15443 | Lair:3   | Noticed an eight-headed hydra
 15450 | Lair:3   | Killed an eight-headed hydra
 15451 | Lair:3   | Reached skill level 10 in Shields
 15753 | Lair:3   | Reached XP level 13. HP: 79/79 MP: 14/14
 16145 | Spider:1 | Entered Level 1 of the Spider Nest
 16564 | Lair:4   | Found a staircase to the Shoals.
 16784 | Lair:4   | Noticed Kirke
 16803 | Lair:4   | Killed Kirke
 17220 | Lair:4   | Got a fine robe
 17692 | Lair:5   | Found a dark tunnel.
 17720 | Lair:5   | Reached skill level 13 in Maces & Flails
 17729 | Volcano  | Entered a volcano
 18370 | Lair:5   | Found a staircase to the Slime Pits.
 18503 | Lair:5   | Found a transporter.
 18505 | Lair:5   | Found the +2 hood of the Assassin {Detection Stab+ Stlth++}
 18542 | Lair:5   | Found a transporter.
 19031 | Lair:5   | Identified the +1 robe of the Invisible Hand {*Drain rPois
                  | SInv} (You found it on level 4 of the Lair of Beasts)
 19123 | Lair:6   | Entered Level 6 of the Lair of Beasts
 19143 | Lair:6   | Reached XP level 14. HP: 76/86 MP: 15/15
 20036 | D:12     | Noticed Jorgrun
 20054 | D:12     | Killed Jorgrun
 20055 | D:12     | Reached skill level 10 in Fighting
 20181 | D:12     | Acquired the ring "Ygolusch" {rF- Will+++ Str+5 Dex+4
                  | Stlth+}
 20192 | D:12     | Identified the +8 chain mail of Foolhardiness {rElec rPois}
 20517 | D:13     | Found a gate to the Vaults.
 20517 | D:13     | Noticed Urug
 20544 | D:12     | Reached skill level 14 in Maces & Flails
 20702 | D:13     | Killed Urug
 20800 | D:13     | Found a hide-covered altar of Uskayaw.
 22123 | D:14     | You are sucked into a shaft and drop 1 floor!
 22123 | D:15     | Entered Level 15 of the Dungeon
 22135 | D:15     | Noticed a frost giant
 22137 | D:15     | Found a transporter.
 22137 | D:15     | Noticed JackMcBride's ghost (journeyman MiFi)
 22198 | D:15     | Found a transporter.
 22242 | D:15     | Found Peuqof's Book Shop.
 22443 | D:15     | Found a staircase to the Depths.
 22443 | D:15     | Noticed a fire giant
 22492 | D:15     | Killed a fire giant
 22813 | D:14     | Found a runed translucent door.
 22814 | D:14     | Identified the +6 spear "Dyiwy" {vorpal, rPois Str+3 Int-5
                  | SInv}
 22817 | D:14     | Noticed JackMcBride's ghost (journeyman MiFi)
 23125 | D:14     | Reached XP level 15. HP: 86/93 MP: 16/16
 23868 | D:14     | Noticed a fire giant
 23940 | D:14     | Killed a fire giant
 24057 | D:14     | Reached skill level 5 in Stealth
 24383 | D:14     | Killed JackMcBride's ghost
 24897 | Lair:6   | HP: 2/93 [komodo dragon (8)]
 24897 | Lair:6   | Slain by a catoblepas

Illustrated notes

Levels and vault maps discovered:
D:1:      dpeg_arrival_snail, layout_rooms
D:2:      layout_loops_ring
D:3:      layout_basic, ashenzari_altar_1, lemuel_coloured_pillars_altar,
          nemelex_altar_shiori, uniq_ijyb
D:4:      layout_cave_pools, kennysheep_mini, serial_column_ruins,
          column_ruins_columns_T, column_ruins_grid_2, column_ruins_open_small,
          column_ruins_corridor_straight, serial_shops, kennysheep_little_box
D:5:      kennysheep_windowed_halls, layout_basic, serial_park_tiny_1,
          grunt_decor_fettered
D:6:      minmay_general_purpose_star, layout_basic,
          minmay_temple_entry_overgrown, serial_shops, shop,
          nrook_loot_triangle, minivault_11
D:7:      layout_rooms, okawaru_humans, uniq_pikel, uniq_duvessa
D:8:      layout_loops_cross, makhleb_heckhound_becter, minmay_fountain_box,
          uniq_harold
D:9:      layout_stronghold, general_overflow_altar, elyvilon_altar_1,
          lemuel_doored_altar, serial_ice, serial_ice_i, serial_ice_f,
          serial_ice_c, serial_ice_g, serial_ice_h, serial_ice_o, serial_ice_a,
          dk_vineyard_3, minmay_circle_x
D:10:     layout_stronghold
D:11:     layout_cave_pools, lair_entry_dummy, david_orc_5, uniq_erica
D:12:     layout_long_grid, uniq_jorgrun
D:13:     layout_cave_pools, david_vaults_3, basic_altar, serial_bayou,
          serial_bayou_lagoon_b, serial_bayou_pond_c, serial_bayou_pond_e,
          serial_bayou_ford_a, serial_bayou_pond_c, st_stairs_12
D:14:     hangedman_cross_veins, layout_layer_cave, kennysheep_nub,
          ebering_ghost_funeral_grove
D:15:     grunt_enter_depths_giant_problem, layout_basic, gammafunk_ghost_arena,
          minmay_misc_feat_cross, serial_shops, nicolae_shop_stone, basic_altar,
          dispersion_dpeg, uniq_roxanne
Lair:1:   layout_cave_pods, patterned_corridor, grunt_megastairs_5
Lair:2:   layout_layer_cave, serial_bayou_lagoon_a, minmay_stone_trees_medium,
          st_stairs_7, grunt_forest_stairs_clearing, lemuel_fruit_tree,
          lemuel_fruit_fields
Lair:3:   layout_hall_layers, dummy_spider_entry
Lair:4:   layout_regular_city, minmay_shoals_entry_beasts, serial_bayou_shore_b,
          uniq_kirke
Lair:5:   gammafunk_cloud_chamber, layout_regular_city,
          minmay_slime_entry_pillars, enter_volcano_1, serial_bayou,
          serial_bayou_pond_d, serial_bayou_lake_a, serial_bayou_crossing,
          serial_bayou_pond_b
Lair:6:   due_jungle_book, layout_regular_city, disabler_island,
          grunt_megastairs_2
Spider:1: layout_spider_delve, portal_ice_cave_entry_ice_statue_one, drop_trap

Skill      XL: |  1  2  3  4  5  6  7  8  9 10 11 12 13 14 15 |
---------------+----------------------------------------------+-----
Long Blades    | 4 5 6 |  6.8
Fighting       | 4 5 6 7 8 9 10 | 10.9
Dodging        | 3 4 5 6 7 |  7.7
Armour         | 3 4 5 6 8 9 10 11 12 13 | 13.2
Maces & Flails | 3 6 7 9 11 12 13 14 | 14.5
Shields        | 1 2 4 6 8 10 11 12 13 | 13.0
Stealth        | 1 2 3 5 |  5.2
Evocations     | 1 2 3 |  3.6

Action                   |  1- 3 |  4- 6 |  7- 9 | 10-12 | 13-15 || total
-------------------------+-------+-------+-------+-------+-------++-------
Melee: Falchion          |    39 |   167 |       |       |       ||   206
       Kick              |    14 |    48 |    86 |   364 |   430 ||   942
       Peck              |     5 |    27 |    55 |   233 |   285 ||   605
       Mace              |       |    14 |   299 |   978 |   856 ||  2147
       Spear             |       |       |       |       |     7 ||     7
Invok: Berserk           |     2 |     3 |     3 |    14 |    17 ||    39
       Trog's Hand       |       |     3 |     7 |    29 |    40 ||    79
       Brothers in Arms  |       |       |       |       |     2 ||     2
 Abil: Fly               |       |     1 |       |       |       ||     1
Evoke: Wand              |       |       |     5 |    17 |    19 ||    41
       Phantom mirror    |       |       |       |       |     1 ||     1
  Use: Potion            |     1 |     6 |     3 |    16 |    15 ||    41
       Scroll            |       |    11 |     5 |    12 |    16 ||    44
 Stab: Held in net/web   |       |       |       |     1 |       ||     1
       Sleeping          |       |       |       |       |     8 ||     8
       Distracted        |       |       |       |       |     1 ||     1
       Paralysed         |       |       |       |       |     1 ||     1
       Petrifying        |       |       |       |       |     1 ||     1
Armor: Animal skin       |     9 |       |       |       |       ||     9
       Leather armour    |       |    12 |       |       |       ||    12
       Chain mail        |       |    80 |   138 |   387 |   295 ||   900
Dodge: Dodged            |    57 |   177 |   189 |   625 |   494 ||  1542
Block: Other             |       |     4 |    26 |       |       ||    30
       Kite shield       |       |       |    46 |       |       ||    46
       Buckler           |       |       |    53 |   612 |   502 ||  1167
       Reflection        |       |       |     1 |    36 |    28 ||    65
       Rpst.: Falchion   |    16 |    43 |       |       |       ||    59
